[Event "Titled Tuesday Blitz August 22 Early 2023"]
[White "slidingknight2775"]
[Black "Paravyan, David"]
[BlackFideId "4194985"]
[WhiteElo "2498"]
[BlackElo "2964"]
[Result "0-1"]
[Round "1"]
[TimeControl "180+1"]
[Date "2023.08.22"]
[WhiteClock "0:00:01"]
[BlackClock "0:01:09"]
[Board "23"]

1. Nf3 Nf6 2. g3 c5 3. Bg2 Nc6 4. d4 cxd4 5. Nxd4 e5 6. Nxc6 dxc6 7. Qxd8+ Kxd8 8. O-O h5 9. Bg5 Be7 10. h3 Bf5 11. c3 Nd7 12. Bxe7+ Kxe7 13. Nd2 Nc5 14. Nc4 f6 15. Rad1 Be6 16. b3 Bxc4 17. bxc4 h4 18. g4 a5 19. f4 Rhd8 20. e3 Rxd1 21. Rxd1 a4 22. Kf2 a3 23. Rb1 Ra4 24. Bf1 Kd6 25. Kf3 g5 26. fxg5 fxg5 27. Rd1+ Ke7 28. Rb1 Ra8 29. Bg2 Kd6 30. Rd1+ Kc7 31. Rb1 Rd8 32. Ke2 e4 33. Rf1 Rd3 34. Rc1 Na4 35. Bxe4 Rxc3 36. Rf1 Rxc4 37. Bd3 Rb4 38. Rf7+ Kb6 39. Bc2 Rb2 40. Kd3 Nc5+ 41. Kc3 Rxa2 42. Rf5 Ra1 43. Rxg5 Re1 44. Rh5 a2 0-1


[Site "https://www.chess.com"]

[Event "Titled Tuesday Blitz August 22 Early 2023"]
[White "Shimanov, Aleksandr"]
[Black "Koutlas, Nikolaos"]
[WhiteFideId "4198603"]
[BlackFideId "25827138"]
[WhiteElo "2963"]
[BlackElo "2497"]
[Result "1-0"]
[Round "1"]
[TimeControl "180+1"]
[Date "2023.08.22"]
[WhiteClock "0:01:29"]
[BlackClock "0:00:40"]
[Board "24"]

1. b3 c5 2. e4 Nc6 3. Bb2 e5 4. Bb5 Nge7 5. Ne2 d6 6. a4 g6 7. O-O Bg7 8. f4 O-O 9. d3 Nd4 10. Bc4 Bg4 11. Bxd4 cxd4 12. h3 Be6 13. fxe5 Bxe5 14. Bxe6 fxe6 15. Rxf8+ Qxf8 16. Nd2 Bf4 17. Nxf4 Qxf4 18. Qe2 Rc8 19. Nc4 Rc6 20. Rf1 Qg5 21. Qf2 Rc8 22. Nxd6 Rd8 23. Nf7 1-0


[Site "https://www.chess.com"]

[Event "Titled Tuesday Blitz August 22 Early 2023"]
[White "Ocido, Michael"]
[Black "Tari, Aryan"]
[WhiteFideId "115201920"]
[BlackFideId "1510045"]
[WhiteElo "2497"]
[BlackElo "2954"]
[Result "0-1"]
[Round "1"]
[TimeControl "180+1"]
[Date "2023.08.22"]
[WhiteClock "0:00:02"]
[BlackClock "0:00:10"]
[Board "25"]

1. d4 Nf6 2. c4 g6 3. Nf3 Bg7 4. g3 c6 5. Bg2 d5 6. cxd5 cxd5 7. Nc3 O-O 8. Ne5 e6 9. O-O Nfd7 10. Nxd7 Bxd7 11. Bf4 Nc6 12. e3 Qe7 13. g4 g5 14. Bg3 f5 15. gxf5 Rxf5 16. Rc1 Be8 17. Bh3 Bg6 18. Qb3 Rf7 19. Nb5 Rd8 20. f4 a6 21. Nc7 Bf5 22. Bxf5 Rxf5 23. fxg5 Rxg5 24. Qxb7 Nb4 25. Rf3 e5 26. Rcf1 exd4 27. Rf7 Qxe3+ 28. Kh1 Qe4+ 29. Kg1 d3 30. R1f3 Bd4+ 31. Kg2 Nc2 32. Nxd5 Ne1+ 33. Kh3 Qg4# 0-1


[Site "https://www.chess.com"]

[Event "Titled Tuesday Blitz August 22 Early 2023"]
[White "Terry, Renato"]
[Black "Balabayeva, Xeniya"]
[WhiteFideId "3803457"]
[BlackFideId "13719688"]
[WhiteElo "2952"]
[BlackElo "2496"]
[Result "1-0"]
[Round "1"]
[TimeControl "180+1"]
[Date "2023.08.22"]
[WhiteClock "0:01:39"]
[BlackClock "0:00:00"]
[Board "26"]

1. d4 d5 2. Nf3 Nf6 3. c4 e6 4. e3 c6 5. b3 Ne4 6. Bd3 Bb4+ 7. Nbd2 Nd7 8. O-O Nxd2 9. Bxd2 Bxd2 10. Qxd2 O-O 11. cxd5 exd5 12. Rfc1 a5 13. a3 Re8 14. Qc2 Nf8 15. b4 axb4 16. axb4 Bd7 17. Ne5 f6 18. Rxa8 1-0


[Site "https://www.chess.com"]

[Event "Titled Tuesday Blitz August 22 Early 2023"]
[White "Yedidia, Daniel"]
[Black "Kovalenko, Igor"]
[WhiteFideId "30905907"]
[BlackFideId "14117908"]
[WhiteElo "2496"]
[BlackElo "2943"]
[Result "0-1"]
[Round "1"]
[TimeControl "180+1"]
[Date "2023.08.22"]
[WhiteClock "0:00:09"]
[BlackClock "0:01:48"]
[Board "27"]

1. d4 Nf6 2. c4 e6 3. Nc3 Bb4 4. e3 c5 5. Ne2 d6 6. g3 d5 7. cxd5 Qxd5 8. Rg1 cxd4 9. exd4 Qd8 10. Bg2 O-O 11. Bg5 Nbd7 12. Qb3 Be7 13. O-O-O h6 14. Bf4 Nb6 15. Kb1 a5 16. a4 Nfd5 17. Nxd5 exd5 18. Nc3 Be6 19. Rge1 Bb4 20. Re2 Rc8 21. Nb5 Bg4 22. f3 Bf5+ 23. Ka1 Re8 24. Rxe8+ Qxe8 25. Qe3 Qxe3 26. Bxe3 Nxa4 27. Rc1 Re8 28. Bf4 Nxb2 29. Nc7 Re2 30. Bf1 Rf2 31. Nxd5 Ba3 32. g4 Be6 0-1


[Site "https://www.chess.com"]

[Event "Titled Tuesday Blitz August 22 Early 2023"]
[White "Donchenko, Alexander"]
[Black "Janaszak, Dawid"]
[WhiteFideId "24603295"]
[BlackFideId "1119206"]
[WhiteElo "2941"]
[BlackElo "2494"]
[Result "1-0"]
[Round "1"]
[TimeControl "180+1"]
[Date "2023.08.22"]
[WhiteClock "0:01:02"]
[BlackClock "0:00:19"]
[Board "28"]

1. d4 Nf6 2. c4 g6 3. Nc3 d5 4. cxd5 Nxd5 5. e4 Nxc3 6. bxc3 Bg7 7. Bc4 O-O 8. h3 c5 9. Nf3 Nc6 10. Be3 b6 11. O-O Bb7 12. Rc1 cxd4 13. cxd4 Na5 14. Bd3 Rc8 15. Qe2 Qd6 16. Bg5 Qa3 17. Ba6 h6 18. Bxb7 Nxb7 19. Be3 Nd6 20. e5 Nf5 21. Bd2 Qxa2 22. g4 Nxd4 23. Nxd4 Rxc1 24. Rxc1 Bxe5 25. Bxh6 Qxe2 26. Nxe2 Rd8 27. Bf4 Bf6 28. Rc7 g5 29. Be3 Rd1+ 30. Kg2 Ra1 31. Ng3 b5 32. Rxa7 Rb1 33. Ne4 Be5 34. Rxe7 f6 35. Rb7 b4 36. Nc5 Bc3 37. Kf3 Rh1 38. Ne4 Rxh3+ 39. Kg2 Rh4 40. Nxc3 bxc3 41. Kf3 Rh3+ 42. Ke4 Rh4 43. Kf5 c2 44. Rc7 1-0


[Site "https://www.chess.com"]

[Event "Titled Tuesday Blitz August 22 Early 2023"]
[White "Shuvalov, Evgenij"]
[Black "Esipenko, Andrey"]
[WhiteFideId "4187237"]
[BlackFideId "24175439"]
[WhiteElo "2492"]
[BlackElo "2938"]
[Result "0-1"]
[Round "1"]
[TimeControl "180+1"]
[Date "2023.08.22"]
[WhiteClock "0:00:00"]
[BlackClock "0:00:09"]
[Board "29"]

1. d4 Nf6 2. c4 c6 3. Nc3 d6 4. e4 Nbd7 5. Nf3 e5 6. Be2 g6 7. O-O Bg7 8. Be3 O-O 9. Qc2 a5 10. Rad1 Qe7 11. Rfe1 exd4 12. Nxd4 Nc5 13. Bf3 Nfd7 14. Nb3 a4 15. Nxc5 Nxc5 16. Bd4 Be5 17. Qd2 Qf6 18. Bxe5 dxe5 19. Qd6 Qxd6 20. Rxd6 Be6 21. Be2 Ra6 22. Red1 Rb6 23. R1d2 Kg7 24. f3 Kf6 25. Kf2 Ke7 26. Ke3 Ra8 27. g3 Bh3 28. f4 Rxb2 29. Rxb2 Kxd6 30. g4 f5 31. Rd2+ Ke6 32. exf5+ gxf5 33. g5 a3 34. Rd1 Re8 35. Rg1 Kf7 36. Rg3 Bg4 37. Bxg4 fxg4 38. Rxg4 exf4+ 39. Kxf4 Re1 40. Rg2 Rc1 41. Ne4 Rxc4 42. Re2 b5 0-1


[Site "https://www.chess.com"]

[Event "Titled Tuesday Blitz August 22 Early 2023"]
[White "Kozak, Adam"]
[Black "szachmistrz2500"]
[WhiteFideId "753246"]
[WhiteElo "2933"]
[BlackElo "2489"]
[Result "1-0"]
[Round "1"]
[TimeControl "180+1"]
[Date "2023.08.22"]
[WhiteClock "0:00:49"]
[BlackClock "0:00:26"]
[Board "30"]

1. e4 c5 2. Nf3 d6 3. d4 cxd4 4. Nxd4 Nf6 5. Nc3 a6 6. Bg5 e6 7. f4 Be7 8. Qf3 Qc7 9. O-O-O Nbd7 10. f5 e5 11. Nb3 b5 12. g4 Bb7 13. Bxf6 Bxf6 14. h4 h6 15. Kb1 b4 16. Nd5 Bxd5 17. Rxd5 Nb6 18. Ra5 Nc4 19. Bxc4 Qxc4 20. Qd3 Qxd3 21. cxd3 Kd7 22. Nd2 Rhc8 23. Nc4 Rcb8 24. Rd5 Be7 25. Nxe5+ Ke8 26. Nc4 Rb5 27. Rxd6 a5 28. g5 Rc5 29. Rd4 Ra6 30. f6 Bf8 31. e5 Re6 32. Rg1 g6 33. h5 gxh5 34. gxh6 Bxh6 35. Rg8+ Bf8 36. Nd6+ Rxd6 37. exd6 1-0


[Site "https://www.chess.com"]

[Event "Titled Tuesday Blitz August 22 Early 2023"]
[White "Gavilan Diaz, Mario"]
[Black "Kramnik, Vladimir"]
[WhiteFideId "2260905"]
[BlackFideId "4101588"]
[WhiteElo "2488"]
[BlackElo "2927"]
[Result "0-1"]
[Round "1"]
[TimeControl "180+1"]
[Date "2023.08.22"]
[WhiteClock "0:00:06"]
[BlackClock "0:00:37"]
[Board "31"]

1. d4 d5 2. Nc3 Nf6 3. Bg5 c6 4. Qd3 Qa5 5. f3 Nbd7 6. Bd2 Qb6 7. O-O-O e5 8. e3 Bb4 9. Qf5 exd4 10. exd4 O-O 11. Bd3 Re8 12. Qg5 Qxd4 13. a3 Bd6 14. Nge2 Qe5 15. Qh4 Nc5 16. Rhe1 Nxd3+ 17. cxd3 Qh5 18. Qxh5 Nxh5 19. Nf4 Nf6 20. Nh5 Bf5 21. Nxf6+ gxf6 22. Kc2 Bxh2 23. g4 Bd7 24. Rh1 Be5 25. Rh4 f5 26. Rdh1 fxg4 27. fxg4 Re6 28. Ne2 Rg6 29. Bc3 Bxc3 30. Kxc3 Rg7 31. g5 Bf5 32. Nf4 Rxg5 33. Nh5 Bg6 34. Nf6+ Kg7 35. Nxh7 d4+ 36. Kxd4 Rd5+ 37. Kc4 Rh8 38. Nf6 Rxh4+ 39. Rxh4 Kxf6 0-1


[Site "https://www.chess.com"]

[Event "Titled Tuesday Blitz August 22 Early 2023"]
[White "Urbina Perez, Juan Antonio"]
[Black "Demchenko, Anton"]
[WhiteFideId "2217368"]
[BlackFideId "4160258"]
[WhiteElo "2484"]
[BlackElo "2922"]
[Result "0-1"]
[Round "1"]
[TimeControl "180+1"]
[Date "2023.08.22"]
[WhiteClock "0:00:06"]
[BlackClock "0:00:05"]
[Board "33"]

1. e4 e5 2. Nf3 Nc6 3. Bc4 Nf6 4. d3 h6 5. Nc3 d6 6. a4 Be7 7. O-O O-O 8. h3 Be6 9. Nd5 Qd7 10. Nxe7+ Nxe7 11. Bxe6 fxe6 12. c3 Rf7 13. Qe2 Raf8 14. d4 exd4 15. cxd4 Ng6 16. Bd2 Nh7 17. Ne1 Qe7 18. Nd3 Qh4 19. Qg4 Qxg4 20. hxg4 Ne7 21. f3 Nc6 22. Bc3 Ng5 23. Nb4 Nxb4 24. Bxb4 Rd8 25. Bd2 Nh7 26. Rac1 c6 27. b4 Nf8 28. Rc2 Ng6 29. Rfc1 e5 30. Be3 a6 31. b5 axb5 32. axb5 cxb5 33. Rb2 d5 34. exd5 Rxd5 35. dxe5 Nxe5 36. Rcb1 Nc4 37. Rb3 Nxe3 38. Rxe3 Rc7 39. Reb3 Rcc5 40. Kf2 Kf7 41. Kg3 Ke6 42. Re1+ Kd6 43. Rbe3 Re5 44. Kf4 Rxe3 45. Rxe3 b4 46. Rd3+ Kc6 47. Ke4 Rb5 48. Kd4 b3 49. Rd1 b2 50. Rb1 Rb4+ 51. Kc3 Kc5 52. g3 b6 53. f4 b5 54. g5 hxg5 55. fxg5 g6 56. Rxb2 Rxb2 57. Kxb2 Kd4 58. Kb3 Ke3 59. Kb4 Kf3 60. Kxb5 Kxg3 61. Kc4 Kf4 62. Kd3 Kxg5 63. Ke3 Kh4 64. Kf2 Kh3 65. Kg1 Kg3 66. Kh1 g5 67. Kg1 g4 68. Kh1 Kf2 69. Kh2 g3+ 0-1


[Site "https://www.chess.com"]

[Event "Titled Tuesday Blitz August 22 Early 2023"]
[White "Zakhartsov, Vladimir"]
[Black "Sanduleac, Vasile"]
[WhiteFideId "4145097"]
[BlackFideId "13900161"]
[WhiteElo "2922"]
[BlackElo "2483"]
[Result "0-1"]
[Round "1"]
[TimeControl "180+1"]
[Date "2023.08.22"]
[WhiteClock "0:00:33"]
[BlackClock "0:01:56"]
[Board "34"]

1. e4 g6 2. d4 Bg7 3. Nf3 d6 4. c3 Nf6 5. Bd3 O-O 6. O-O Nc6 7. h3 e5 8. dxe5 Nxe5 9. Nxe5 dxe5 10. a4 Nh5 11. Na3 c6 12. Nc4 Be6 13. b3 Nf4 14. Bc2 Bxc4 15. bxc4 Ne6 16. Qxd8 Rfxd8 17. Be3 Bf8 18. Rfb1 Rd7 19. a5 Bc5 20. Bc1 Rad8 21. Ra2 Nf4 22. Bxf4 exf4 23. Kf1 Rd2 24. Bb3 Rxa2 25. Bxa2 Rd2 26. Bb3 Rxf2+ 27. Ke1 Rxg2 28. Bd1 f3 29. a6 b6 30. e5 Rg1+ 31. Kd2 f2 0-1


[Site "https://www.chess.com"]

[Event "Titled Tuesday Blitz August 22 Early 2023"]
[White "Zeman, Matyas"]
[Black "Zhigalko, Sergei"]
[WhiteFideId "364398"]
[BlackFideId "13502956"]
[WhiteElo "2483"]
[BlackElo "2922"]
[Result "0-1"]
[Round "1"]
[TimeControl "180+1"]
[Date "2023.08.22"]
[WhiteClock "0:02:12"]
[BlackClock "0:02:43"]
[Board "35"]

1. d4 Nf6 2. Nf3 e6 3. Bf4 b6 4. e3 Bb7 5. Nbd2 Be7 6. h3 O-O 7. Bd3 d5 8. O-O Nbd7 9. c4 c5 10. a3 Rc8 11. Bh2 cxd4 12. Nxd4 Nc5 13. Bc2 dxc4 14. Nxc4 Qd5 0-1


[Site "https://www.chess.com"]

[Event "Titled Tuesday Blitz August 22 Early 2023"]
[White "Sjugirov, Sanan"]
[Black "Mrithyunjay Mahadevan"]
[WhiteFideId "4189302"]
[BlackFideId "45003521"]
[WhiteElo "2915"]
[BlackElo "2483"]
[Result "1-0"]
[Round "1"]
[TimeControl "180+1"]
[Date "2023.08.22"]
[WhiteClock "0:00:14"]
[BlackClock "0:00:55"]
[Board "36"]

1. c4 g6 2. d4 Nf6 3. Nc3 d5 4. cxd5 Nxd5 5. e4 Nxc3 6. bxc3 Bg7 7. Bc4 O-O 8. Ne2 c5 9. O-O cxd4 10. cxd4 Nc6 11. Be3 Bg4 12. f3 Na5 13. Bxf7+ Rxf7 14. fxg4 Rxf1+ 15. Kxf1 Qd7 16. h3 Qe6 17. Qd3 Nc4 18. Kg1 Rd8 19. Bf2 Nd6 20. Ng3 a6 21. a4 Qc4 22. Qxc4+ Nxc4 23. e5 Bh6 24. Rb1 Rd7 25. Ne4 b6 26. g5 Bf8 27. Rc1 Nb2 28. Rc8 Nxa4 29. e6 Rb7 30. d5 Nc5 31. Nxc5 bxc5 32. Bxc5 Kg7 33. Bd4+ Kg8 34. Kf2 a5 35. Ra8 Rb5 36. d6 exd6 37. e7 Rf5+ 38. Kg1 a4 39. e8=Q a3 40. Qe6+ Rf7 41. Ra7 a2 42. Qxf7# 1-0


[Site "https://www.chess.com"]

[Event "Titled Tuesday Blitz August 22 Early 2023"]
[White "Khamdamova, Afruza"]
[Black "Henriquez Villagra, Cristobal"]
[WhiteFideId "14210444"]
[BlackFideId "3409350"]
[WhiteElo "2480"]
[BlackElo "2912"]
[Result "0-1"]
[Round "1"]
[TimeControl "180+1"]
[Date "2023.08.22"]
[WhiteClock "0:00:00"]
[BlackClock "0:00:04"]
[Board "37"]

1. e4 d6 2. d4 Nf6 3. Nc3 e5 4. Nf3 Nbd7 5. Bc4 Be7 6. O-O O-O 7. a4 h6 8. h3 c6 9. Ba2 Re8 10. Re1 Bf8 11. Be3 b6 12. dxe5 dxe5 13. Qe2 Nc5 14. Rad1 Qc7 15. Bc1 Ba6 16. Qe3 Ne6 17. Nh4 Nd4 18. Bb1 Rad8 19. Qg3 Kh7 20. Nf5 c5 21. Qh4 Qc6 22. Ne3 Rd6 23. Ncd5 Ng8 24. c3 Nb3 25. Nf5 Rg6 26. Kh1 Qxa4 27. Bc2 Qa2 28. f4 Nxc1 29. Rxc1 Qxb2 30. fxe5 Rxe5 31. Nf4 Nf6 32. Nxg6 fxg6 33. Ne3 Qxc3 34. Nd5 Nxd5 35. exd5 Rxe1+ 36. Qxe1 Qf6 37. Qe8 Bd6 38. Re1 Bb5 39. Qxb5 Qf4 40. Kg1 Qh2+ 41. Kf2 Bg3+ 42. Kf3 Bxe1 0-1


[Site "https://www.chess.com"]

[Event "Titled Tuesday Blitz August 22 Early 2023"]
[White "Chigaev, Maksim"]
[Black "Fernandez Lopez, Ruben"]
[WhiteFideId "4108116"]
[BlackFideId "24518298"]
[WhiteElo "2908"]
[BlackElo "2479"]
[Result "1-0"]
[Round "1"]
[TimeControl "180+1"]
[Date "2023.08.22"]
[WhiteClock "0:02:15"]
[BlackClock "0:02:25"]
[Board "38"]

1. e4 d5 2. exd5 Nf6 3. d4 Bg4 4. Be2 Bxe2 5. Qxe2 Qxd5 6. Nf3 Nc6 7. O-O O-O-O 8. Rd1 e5 9. Nc3 Qd7 10. dxe5 Qe8 11. Rxd8+ 1-0


[Site "https://www.chess.com"]

[Event "Titled Tuesday Blitz August 22 Early 2023"]
[White "Itkis, Boris"]
[Black "Eljanov, Pavel"]
[WhiteFideId "1209167"]
[BlackFideId "14102951"]
[WhiteElo "2478"]
[BlackElo "2908"]
[Result "0-1"]
[Round "1"]
[TimeControl "180+1"]
[Date "2023.08.22"]
[WhiteClock "0:00:11"]
[BlackClock "0:00:10"]
[Board "39"]

1. d4 Nf6 2. Nc3 d5 3. Bf4 e6 4. Nb5 Na6 5. e3 Be7 6. Nf3 Nh5 7. Be5 c6 8. Nc3 f6 9. Bg3 Qb6 10. Rb1 Bd7 11. Ne5 Nxg3 12. Nxd7 Kxd7 13. hxg3 Nc7 14. Bd3 c5 15. dxc5 Qxc5 16. Qg4 g6 17. e4 d4 18. Ne2 Rad8 19. b4 Qb6 20. e5 Bxb4+ 21. Kf1 f5 22. Qxd4+ Qxd4 23. Nxd4 Bc5 24. Nb3 Be7 25. f4 Kc8 26. Kf2 h5 27. Na5 Bc5+ 28. Kf3 Bb6 29. Nc4 Nd5 30. Nxb6+ Nxb6 31. Rhd1 Kc7 32. Be2 Nd5 33. Bc4 Nc3 34. Rxd8 Rxd8 35. Rb3 Ne4 36. Rd3 Nd2+ 37. Ke2 Nxc4 38. Rc3 b5 0-1


[Site "https://www.chess.com"]

[Event "Titled Tuesday Blitz August 22 Early 2023"]
[White "Pichot, Alan"]
[Black "Tsyhanchuk, Stanislav"]
[WhiteFideId "110973"]
[BlackFideId "13505130"]
[WhiteElo "2904"]
[BlackElo "2478"]
[Result "1-0"]
[Round "1"]
[TimeControl "180+1"]
[Date "2023.08.22"]
[WhiteClock "0:01:31"]
[BlackClock "0:00:05"]
[Board "40"]

1. d4 Nf6 2. Nf3 e6 3. e3 b6 4. Bd3 Bb7 5. c4 Bb4+ 6. Nbd2 O-O 7. O-O Bxd2 8. Bxd2 Ne4 9. Be1 d6 10. Nd2 f5 11. f3 Nf6 12. Bg3 c5 13. d5 exd5 14. Bxf5 dxc4 15. Nxc4 d5 16. Ne5 Nc6 17. Qa4 Nxe5 18. Bxe5 Kh8 19. Bc3 a6 20. Qh4 h6 21. Rad1 b5 22. b4 d4 23. bxc5 Nd5 24. Qxd4 Nxc3 25. Qxc3 Qg5 26. e4 Bc6 27. Rd6 Be8 28. c6 Bf7 29. c7 Qf4 30. Rfd1 1-0


[Site "https://www.chess.com"]

[Event "Titled Tuesday Blitz August 22 Early 2023"]
[White "Dudzinski, Pawel"]
[Black "Kovalev, Vladislav"]
[WhiteFideId "1117890"]
[BlackFideId "13504398"]
[WhiteElo "2476"]
[BlackElo "2899"]
[Result "0-1"]
[Round "1"]
[TimeControl "180+1"]
[Date "2023.08.22"]
[WhiteClock "0:00:00"]
[BlackClock "0:00:26"]
[Board "41"]

1. e4 e5 2. Nf3 Nc6 3. d4 exd4 4. Nxd4 Qf6 5. Nxc6 Bc5 6. Qf3 dxc6 7. Bc4 Be6 8. Nd2 Qxf3 9. gxf3 O-O-O 10. Bxe6+ fxe6 11. Rg1 g6 12. f4 Nf6 13. Ke2 Rhf8 14. Rg5 Bb6 15. Re5 Nh5 16. Nc4 Bd4 17. Rxe6 Ng7 18. Re7 Bf6 19. Rxg7 Bxg7 20. Be3 Rde8 21. f3 Bh6 22. a4 Bxf4 23. Bxa7 Rf5 24. Be3 Rf7 25. Rd1 Bxe3 26. Nxe3 Re5 27. b3 b6 28. Ng4 Rc5 29. Rd2 Rd7 30. Rxd7 Kxd7 31. Kd3 Ke7 32. e5 h5 33. Nf6 Rxe5 34. Ne4 Ke6 35. Ke3 Kf5 36. c4 c5 37. h4 Re7 38. Kf2 Rxe4 39. fxe4+ Kxe4 40. a5 bxa5 41. Ke2 Kf5 42. b4 axb4 0-1


[Site "https://www.chess.com"]

[Event "Titled Tuesday Blitz August 22 Early 2023"]
[White "Tahbaz, Arash"]
[Black "Seletsky, Grigory"]
[WhiteFideId "12528846"]
[BlackFideId "14112191"]
[WhiteElo "2897"]
[BlackElo "2474"]
[Result "1-0"]
[Round "1"]
[TimeControl "180+1"]
[Date "2023.08.22"]
[WhiteClock "0:00:06"]
[BlackClock "0:00:00"]
[Board "42"]

1. Nf3 d5 2. b3 Bf5 3. Bb2 e6 4. e3 h6 5. d4 Nf6 6. Bd3 Bxd3 7. cxd3 Be7 8. O-O O-O 9. Nbd2 c5 10. Rc1 cxd4 11. Nxd4 Nbd7 12. f4 Rc8 13. N2f3 a6 14. h3 Rxc1 15. Qxc1 Qb8 16. Qa1 Rc8 17. Rc1 Rc7 18. g4 Ne8 19. Kg2 Qc8 20. Rxc7 Qxc7 21. h4 Bf8 22. g5 hxg5 23. hxg5 g6 24. Kf2 Nd6 25. Ke2 Nb5 26. Nxb5 axb5 27. Nd4 b4 28. Qc1 Qxc1 29. Bxc1 Nb8 30. Bd2 Nc6 31. Nf3 Bc5 32. Bc1 Kf8 33. Bb2 Ke7 34. Bf6+ Kd7 35. Nh2 Kc7 36. Ng4 Kd7 37. Bb2 Be7 38. Be5 Ke8 39. Ba1 Kd7 40. Nh6 Ke8 41. Bg7 Bc5 42. Bf6 Bf8 43. Ng4 Bd6 44. Bb2 Be7 45. Bc1 Kd7 46. d4 Ke8 47. Kd3 Kd7 48. Nh2 Ke8 49. Nf3 Kd7 50. Ne1 Kc7 51. Nc2 Kd7 52. a3 bxa3 53. Bxa3 Bd8 54. Bc1 Ba5 55. Bd2 Bc7 56. Ne1 Bd6 57. Nc2 Be7 58. b4 b5 59. Kc3 Kc7 60. Kb3 Kb6 61. Ne1 Kc7 62. Nf3 Kd7 63. Nh2 Ke8 64. Ng4 Kd7 65. Nf2 Ke8 66. Bc3 Kd7 67. Nd3 Kc7 68. Ne1 Kd7 69. Nc2 Kc7 70. Bd2 Kd7 71. Na3 Na7 72. Bc3 Kc6 73. Nb1 Nc8 74. Nd2 Nd6 75. Nf3 Nc4 76. Bd2 Kd7 77. Bc1 Ke8 78. Ne1 Kd7 79. Nd3 Bd6 80. Nf2 Ke8 81. Kc2 Kd7 82. Ng4 Bxb4 83. Nh6 Ke8 84. Kb3 Be7 85. Ng4 Kd7 86. Nf2 1-0


[Site "https://www.chess.com"]

[Event "Titled Tuesday Blitz August 22 Early 2023"]
[White "Korelskiy, Egor"]
[Black "Ilamparthi A R"]
[WhiteFideId "34329064"]
[BlackFideId "45015775"]
[WhiteElo "2474"]
[BlackElo "2885"]
[Result "1-0"]
[Round "1"]
[TimeControl "180+1"]
[Date "2023.08.22"]
[WhiteClock "0:00:20"]
[BlackClock "0:00:19"]
[Board "43"]

1. e4 c5 2. Nf3 e6 3. Qe2 Nc6 4. g3 g6 5. Bg2 Bg7 6. O-O d6 7. c3 e5 8. Rd1 Nge7 9. Na3 O-O 10. Nc2 d5 11. exd5 Nxd5 12. Ne3 Nc7 13. d3 Re8 14. h3 b6 15. Nxe5 Nxe5 16. Bxa8 Nxa8 17. d4 cxd4 18. cxd4 Nc6 19. d5 Ne5 20. Bd2 Bxh3 21. Bc3 Nc7 22. d6 Ne6 23. f4 Nxf4 24. gxf4 Ng4 25. Rd3 Bxc3 26. bxc3 Qh4 27. Ng2 Bxg2 28. Qxg2 Kg7 29. d7 Rd8 30. Rh3 Qe7 31. Qxg4 Rxd7 32. Qh4 Qc5+ 33. Qf2 Qf5 34. Re3 Qg4+ 35. Rg3 Qf5 36. Re1 Rc7 37. Qd4+ f6 38. Rge3 h6 39. Re7+ 1-0


[Site "https://www.chess.com"]

[Event "Titled Tuesday Blitz August 22 Early 2023"]
[White "Rasulov, Vugar"]
[Black "Marn, Jan"]
[WhiteFideId "13402390"]
[BlackFideId "14619245"]
[WhiteElo "2884"]
[BlackElo "2474"]
[Result "1-0"]
[Round "1"]
[TimeControl "180+1"]
[Date "2023.08.22"]
[WhiteClock "0:01:52"]
[BlackClock "0:00:46"]
[Board "44"]

1. d4 e6 2. c4 f5 3. Nf3 Nf6 4. g3 Be7 5. Bg2 O-O 6. O-O d6 7. Nc3 Qe8 8. Re1 Ne4 9. Qc2 Nxc3 10. bxc3 Nc6 11. e4 fxe4 12. Qxe4 Qf7 13. Qe2 Bd7 14. Rb1 Rab8 15. Ng5 Bxg5 16. Bxg5 h6 17. Be3 Kh8 18. f4 e5 19. d5 exf4 20. dxc6 Bf5 21. Bxa7 Bxb1 22. Bxb8 Rxb8 23. Rxb1 1-0


[Site "https://www.chess.com"]

[Event "Titled Tuesday Blitz August 22 Early 2023"]
[White "Mmukka"]
[Black "JeRoma71"]
[WhiteElo "2473"]
[BlackElo "2882"]
[Result "1/2-1/2"]
[Round "1"]
[TimeControl "180+1"]
[Date "2023.08.22"]
[WhiteClock "0:00:13"]
[BlackClock "0:00:52"]
[Board "45"]

1. e4 e6 2. d4 d5 3. Nc3 Bb4 4. Ne2 dxe4 5. a3 Be7 6. Nxe4 Nf6 7. Nxf6+ Bxf6 8. Be3 b6 9. Qd2 Bb7 10. O-O-O Nc6 11. Ng3 Ne7 12. Nh5 Nf5 13. Nxf6+ gxf6 14. Bb5+ c6 15. Bd3 Nxe3 16. Qxe3 Qd5 17. Be4 Qa2 18. Qc3 Rc8 19. Rhe1 b5 20. Kd2 Qc4 21. Qxc4 bxc4 22. Kc3 Ba6 23. f4 Kd7 24. g3 h5 25. Re3 f5 26. Bg2 h4 27. Bf1 hxg3 28. hxg3 Rh2 29. Re2 Rh1 30. Rde1 Rg8 31. Re3 Bb5 32. Kb4 Rg1 33. Bxc4 Rxe1 34. Rxe1 Bxc4 35. Kxc4 Rxg3 36. Rf1 Rg2 37. Kd3 a5 38. a4 Kd6 39. Re1 Rf2 40. Re5 Rf3+ 41. Kc4 Rxf4 42. Rxa5 f6 43. Ra8 e5 44. c3 Rf1 45. a5 f4 46. a6 Ra1 47. a7 Kc7 48. Rf8 Rxa7 49. Rxf6 exd4 50. Kxd4 Ra2 51. Rxf4 Rxb2 52. Rf7+ Kb6 53. Kc4 Rh2 54. Rf4 Rh5 55. Rg4 Rc5+ 56. Kb4 Rf5 57. Kc4 Ra5 58. Rg6 Ra4+ 59. Kb3 Rf4 60. Rg5 Ka6 61. Rg6 Kb5 62. Rg5+ c5 63. Rg8 c4+ 64. Ka3 Rf1 65. Rg5+ Kb6 66. Kb4 Rf4 67. Rg6+ Kc7 68. Rg5 Kb6 69. Rc5 Rf1 70. Rxc4 Rb1+ 71. Ka4 Ra1+ 72. Kb3 Kb5 73. Rb4+ Kc5 74. Kc2 Ra2+ 75. Kb3 Ra1 76. Rh4 Rb1+ 77. Kc2 Ra1 78. Kb3 Rb1+ 79. Kc2 Ra1 80. Kb3 1/2-1/2


[Site "https://www.chess.com"]

[Event "Titled Tuesday Blitz August 22 Early 2023"]
[White "Jones, Gawain C B"]
[Black "Reprintsev, Alexander"]
[WhiteFideId "409561"]
[BlackFideId "14100541"]
[WhiteElo "2877"]
[BlackElo "2473"]
[Result "1-0"]
[Round "1"]
[TimeControl "180+1"]
[Date "2023.08.22"]
[WhiteClock "0:00:02"]
[BlackClock "0:00:00"]
[Board "46"]

1. Nf3 d5 2. c4 dxc4 3. e3 Nc6 4. Bxc4 e5 5. O-O e4 6. Nd4 Nxd4 7. exd4 Nf6 8. Qb3 Qd7 9. d3 exd3 10. Bg5 Bd6 11. Re1+ Kf8 12. Qxd3 Qf5 13. Bxf6 Qxd3 14. Bxg7+ Kxg7 15. Bxd3 Rd8 16. Nc3 Bb4 17. a3 Rxd4 18. axb4 Rxd3 19. Re8 b6 20. h4 Rd4 21. Nb5 Rxb4 22. Nxc7 Rb8 23. Na6 Bxa6 24. Rxb8 Bd3 25. Ra3 Bg6 26. Rxa7 Rxb2 27. Rab7 Rb4 28. h5 Bxh5 29. Rxb6 Rc4 30. f3 Bg6 31. Kf2 h5 32. Rb4 Rc1 33. R8b7 Ra1 34. Rf4 Ra2+ 35. Kg3 Ra5 36. Rc4 Ra1 37. Kh2 Ra2 38. Rcb4 Ra1 39. R4b5 Ra2 40. f4 Rf2 41. Kg3 Rf1 42. Rb4 Re1 43. R7b5 Rf1 44. Rg5 Kh6 45. Kh2 Kg7 46. g3 Kh6 47. Kg2 Ra1 48. Re5 Ra2+ 49. Kf3 Ra3+ 50. Re3 Ra1 51. Rb6 Kg7 52. Re5 Rf1+ 53. Kg2 Ra1 54. f5 Bh7 55. Kf2 Ra3 56. Rc5 Rd3 57. Kg2 Ra3 58. Kf2 Rd3 59. f6+ Kg6 60. Rc7 Rd5 61. Ke3 Rg5 62. Kd4 Rxg3 63. Ke5 Re3+ 64. Kf4 Re1 65. Rcc6 h4 66. Kg4 Re4+ 67. Kh3 Ra4 68. Rc5 Rd4 69. Rc1 1-0


[Site "https://www.chess.com"]